 Dungeon Crawl Stone Soup version 0.31.0-11-ge490571c62 (webtiles) character file.

Game seed: 16121295977270096440

325 Minsecho the Apothecary (level 6, -4/37 HPs)
             Began as an Octopode Alchemist on Feb 8, 2024.
             Was an Initiate of Ashenzari.
             Slain by Duvessa
             ... wielding a +2 short sword of venom
              (6 damage)
             ... on level 5 of the Dungeon.
             The game lasted 00:07:44 (3015 turns).

Minsecho the Apothecary (Octopode Alchemist)        Turns: 3015, Time: 00:07:45

Health: -4/37      AC:  1    Str:  7    XL:     6   Next: 48%
Magic:  10/10      EV: 13    Int: 17    God:    Ashenzari [......]
Gold:   136        SH:  0    Dex: 15    Spells: 5/11 levels left

rFire   . . .        g - +1 short sword (drain)
rCold   . . .        (no shield)
rNeg    . . .        (helmet restricted)
rPois   .            (no amulet)
rElec   .            m - ring of flight
rCorr   .            (no ring)
SInv    .            (no ring)
Will    .....        (no ring)
Stlth   ++           (no ring)
HPRegen 0.26/turn    (no ring)
MPRegen 0.12/turn    (no ring)
                     (no ring)

%: no passive effects
@: confused, lethally poisoned (-4 -> -23), ambrosia-drunk, flying, hasted, very
quick
A: almost no armour, amphibious, 8 rings, camouflage 1, gelatinous body 1,
(nimble swimmer 1), tentacles
a: Renounce Religion


You were on level 5 of the Dungeon.
You worshipped Ashenzari.
Ashenzari was noncommittal.
You visited 2 branches of the dungeon, and saw 5 of its levels.

You collected 136 gold pieces.

Inventory:

Hand Weapons
 g - a +1 short sword of draining (weapon)
Jewellery
 m - a ring of flight (left tentacle)
Wands
 p - a wand of flame (17)
 s - a wand of polymorph (7)
Scrolls
 c - 3 scrolls of identify
 d - 3 scrolls of immolation {unknown}
 e - a scroll of torment {unknown}
 f - a scroll of fog {unknown}
 j - a scroll of enchant weapon {unknown}
 n - a scroll of fear {unknown}
 o - a scroll of teleportation {unknown}
 q - a scroll of amnesia {unknown}
 r - a scroll of silence {unknown}
 t - a scroll of enchant armour {unknown}
Potions
 a - a potion of magic
 b - a potion of brilliance
 l - a potion of enlightenment {unknown}


   Skills:
 + Level 0.8 Fighting
 + Level 1.4 Short Blades
 + Level 2.6 Dodging
 + Level 4.1 Stealth
 * Level 1.9 Unarmed Combat
 + Level 3.2 Spellcasting
 + Level 2.0 Conjurations
 * Level 4.8 Alchemy


You had 5 spell levels left.
You knew the following spells:

 Your Spells              Type           Power      Damage    Failure   Level
a - Sting                 Conj/Alch      56%        1d6       4%          1
b - Mercury Vapours       Alch/Air       20%        N/A       10%         2
c - Mephitic Cloud        Conj/Alch/Air  10%        N/A       21%         3

Your spell library contained the following spells:

 Spells                   Type           Power      Damage    Failure   Level
 Apportation              Tloc           4%         N/A       17%         1
 Necrotise                Necr           8%         1d4       17%         1
 Summon Small Mammal      Summ           8%         N/A       17%         1
 Olgreb's Toxic Radiance  Alch           19%        N/A       24%         4
 Sticky Flame             Fire/Alch      10%        2d5       54%         4


Dungeon Overview and Level Annotations

Branches:
Dungeon (5/15)             Temple (1/1) D:5

Altars:
Ashenzari
Cheibriados
Dithmenos
Elyvilon
Fedhas
Gozag
Hepliaklqana
Kikubaaqudgha
Okawaru
Qazlal
Ru
Sif Muna
Trog
Uskayaw
Vehumet
Wu Jian
The Shining One

Shops:
D:4 *

Annotations:
D:5 Duvessa


Innate Abilities, Weirdness & Mutations

You cannot wear most types of armour.
You are amphibious.
You can wear up to eight rings at the same time.
Your skin changes colour to match your surroundings (Stealth+).
Your rubbery body absorbs attacks. (AC +1, EV +1)
((You are camouflaged when in or above water. (Stealth+)))
You have tentacles for arms and can constrict up to eight enemies at once.


Message History

Okay, then.
It was a potion of ambrosia.
You are confused.
You feel invigorated.
You constrict Duvessa, but do no damage.
You constrict Dowan, but do no damage. Dowan closely misses you.
Okay, then.
You hit Duvessa. You drain Duvessa.
Duvessa is almost dead.
You constrict Duvessa. You constrict Dowan. Duvessa closely misses you.
Dowan closely misses you.
You're too confused to move!
You constrict Duvessa, but do no damage.
You constrict Dowan. You hit Dowan.
You kill Dowan!
Duvessa screams in rage.
Duvessa goes berserk!
You constrict Duvessa, but do no damage.
Duvessa hits you with a +2 short sword of venom.
* * * LOW HITPOINT WARNING * * *
You are lethally poisoned!
Your Spellcasting skill increases to level 3!
You are too confused!
You release your grip on Duvessa.
* * * LOW HITPOINT WARNING * * *
You feel very sick.
Duvessa looks more healthy.
You closely miss Duvessa. You squeeze Duvessa, but do no damage.
Duvessa is almost dead.
You feel sick.
Duvessa hits you with a +2 short sword of venom!
* * * LOW HITPOINT WARNING * * *
You are more poisoned.
You barely miss Duvessa.
Duvessa is almost dead.
* * * LOW HITPOINT WARNING * * *
You feel very sick.
Duvessa hits you with a +2 short sword of venom.
You die...

################
#...............
#.########>.#...
#..........###..
###..#######..#...
#)e..# ##...#. #@##.#
##.##. #....# #.##.
#.#### #.##. #)#
####.... ####.###
#........ #......#
#..###..#. #.##.#.#
#..........
#.##.#.###...#...#...
#.##.#......##.8.##..


You could see Duvessa (berserk, very drained).

Vanquished Creatures
  Dowan (D:5)
  A hound (D:4)
  A bombardier beetle (D:5)
  2 iguanas (D:5)
  Ijyb (D:5)
  3 gnolls (D:4)
  4 adders
  2 ufetubi (D:4)
  5 ribbon worms
  2 orcs (D:4)
  2 endoplasms
  5 giant cockroaches
  3 goblins
  7 hobgoblins
  2 jackals (D:1)
  6 kobolds
  5 quokkas
  2 ball pythons
  A bat (D:1)
  A frilled lizard (D:1)
  2 rats
58 creatures vanquished.

Notes
Turn   | Place    | Note
-------+----------+-------------------------------------------
     0 | D:1      | Minsecho the Octopode Alchemist began the quest for the
                  | Orb.
     0 | D:1      | Reached XP level 1. HP: 11/11 MP: 3/3
    86 | D:1      | Reached XP level 2. HP: 17/17 MP: 1/5
   910 | D:2      | Reached XP level 3. HP: 21/21 MP: 6/6
  1282 | D:2      | You fall into a shaft and drop 2 floors!
  1391 | D:4      | Reached XP level 4. HP: 26/27 MP: 4/7
  1396 | D:4      | Learned a level 2 spell: Mercury Vapours
  1400 | D:4      | Learned a level 3 spell: Mephitic Cloud
  1474 | D:4      | Reached skill level 1 in Unarmed Combat
  1802 | D:4      | Found Xaileod's General Store.
  1843 | D:4      | Reached skill level 1 in Short Blades
  1855 | D:4      | Reached XP level 5. HP: 8/32 MP: 0/8
  2675 | D:5      | Entered Level 5 of the Dungeon
  2700 | D:5      | Found a staircase to the Ecumenical Temple.
  2757 | D:5      | Reached XP level 6. HP: 37/37 MP: 4/10
  2766 | Temple   | Entered the Ecumenical Temple
  2803 | Temple   | Became a worshipper of Ashenzari the Shackled
  2868 | D:5      | Noticed Ijyb
  2881 | D:5      | Killed Ijyb
  2884 | D:5      | Noticed Eustachio
  2897 | D:5      | Eustachio changed into Eustachio the adder
  2897 | D:5      | Noticed Eustachio
  2900 | D:5      | Killed Eustachio the adder
  2990 | D:5      | Noticed Dowan
  2994 | D:5      | Noticed Duvessa
  3012 | D:5      | Killed Dowan
  3015 | D:5      | Slain by Duvessa

Illustrated notes

Levels and vault maps discovered:
D:1:      psy_arrival_statuary, layout_basic, minmay_liquid_box
D:2:      layout_basic, minivault_19, serial_park_tiny_1
D:4:      layout_basic, serial_shops, nicolae_shop_rolling_square
D:5:      layout_loops_ring, minmay_temple_entry_waves, uniq_crazy_yiuf_cottage,
          uniq_ijyb, uniq_duvessa, uniq_eustachio
Temple:   minmay_crystal_spiral_temple

Skill      XL: |  1  2  3  4  5  6 |
---------------+-------------------+-----
Stealth        | 3 4 |  4.1
Alchemy        | 4 |  4.8
Unarmed Combat | 1 |  1.9
Short Blades   | 1 |  1.4
Conjurations   | 2 |  2.0
Spellcasting   | 3 |  3.2
Fighting       | |  0.8
Dodging        | |  2.6

Action                     |  1- 3 |  4- 6 || total
---------------------------+-------+-------++-------
  Melee: Unarmed           |    12 |       ||    12
         Constrict         |    18 |    11 ||    29
         Tentacles         |     9 |    11 ||    20
         Short sword       |    47 |    53 ||   100
         Punch             |       |     2 ||     2
   Cast: Sting             |    30 |    42 ||    72
  Evoke: Wand              |       |     2 ||     2
    Use: Potion            |     1 |     5 ||     6
         Scroll            |       |     1 ||     1
   Stab: Sleeping          |     4 |     4 ||     8
 Armour: Skin              |    32 |    24 ||    56
  Dodge: Dodged            |    58 |    51 ||   109
